[Event "Late-Titled-Tuesday-Blitz-June-25-2024"]
[Site "Chess.com"]
[Date "2024.06.25"]
[Round "8"]
[White "VaglioSagan"]
[Black "egnfanclub"]
[Result "0-1"]
[WhiteElo "2532"]
[BlackElo "2388"]
[TimeControl "180+1"]
[EndTime "15:26:36 PDT"]
[Termination "egnfanclub won by checkmate"]

1. d4 d5 2. c4 c6 3. Nc3 Nf6 4. e3 e6 5. Nf3 Nbd7 6. b3 Bb4 7. Bd2 O-O 8. Bd3 Qe7 9. O-O e5 10. dxe5 Nxe5 11. Nxe5 Qxe5 12. Nxd5 Nxd5 13. cxd5 Bxd2 14.
Qxd2 Qxd5 15. Qc2 Qh5 16. Rad1 Be6 17. Bc4 Rfe8 18. Bxe6 Rxe6 19. Rd7 Rh6 20. h3 Qg5 21. Qd3 Rxh3 22. Rd1 Rf8 23. Rd8 Rh6 24. Rxf8+ Kxf8 25. Qd7 g6 26. Qc8+ Kg7 27. Rd8 Qa5 28. Rg8+ Kf6 29.
g4 Qe1+ 30. Kg2 Qh1+ 31. Kg3 Rh3+ 32. Kf4 Qf3# 0-1

[Event "Late-Titled-Tuesday-Blitz-June-25-2024"]
[Site "Chess.com"]
[Date "2024.06.25"]
[Round "8"]
[White "rionelG"]
[Black "Sondremelaa"]
[Result "0-1"]
[WhiteElo "2400"]
[BlackElo "2590"]
[TimeControl "180+1"]
[EndTime "15:26:38 PDT"]
[Termination "Sondremelaa won by resignation"]

1. e4 e5 2. Nf3 Nc6 3. d4 exd4 4. Nxd4 Nf6 5. Nxc6 bxc6 6. e5 Qe7 7. Qe2 Nd5 8. c4 Nb6 9. Nc3 Ba6 10. Qe4 Qe6 11. b3 Bb4 12. Bd2 Bxc3 13. Bxc3 d5 14. cxd5 cxd5 15. Qd4 Bxf1 16. Kxf1 O-O 17. h4 Rfe8 18. h5 h6 19. Re1 Nd7 20. f4 c5 21.
Qf2 d4 22. Bd2 Qa6+ 23. Kg1 Qxa2 24. Rh3 Rab8 25. b4 Qd5 26. f5 Rxe5 27. Rxe5 Nxe5 28. f6 Rb6 29. Rg3 g6 30. bxc5 Re6 31. hxg6 fxg6 32. Rxg6+ Nxg6 33. f7+ Kg7 34. Bxh6+ Kxh6 35. f8=Q+ Nxf8 36. Qxf8+ Kg6 37. Qg8+ Kf6 38. Qf8+ Ke5 39.
Qg7+ Ke4 40. Qg5 Qxg5 0-1

[Event "Late-Titled-Tuesday-Blitz-June-25-2024"]
[Site "Chess.com"]
[Date "2024.06.25"]
[Round "8"]
[White "MuhittinBuker"]
[Black "Snowball-03"]
[Result "0-1"]
[WhiteElo "2251"]
[BlackElo "2615"]
[TimeControl "180+1"]
[EndTime "15:26:40 PDT"]
[Termination "Snowball-03 won on time"]

1. d4 Nf6 2. c4 c5 3. d5 b5 4. cxb5 a6 5. bxa6 g6 6. Nc3 Bg7 7. e4 O-O 8. Nf3 Qa5 9. Bd3 Nxd5 10. exd5 Bxc3+ 11. Bd2 Bxd2+ 12. Qxd2 Qxd2+ 13. Kxd2 Nxa6 14. Rhe1 Re8 15. Kc3 Rb8 16. Nd2 d6 17. Bc4 Nc7 18. b3 Bb7 19. a4 Nxd5+ 20. Bxd5 Bxd5 21.
f3 Bc6 22. a5 Ra8 23. a6 Ra7 24. Ra5 Rea8 25. Rea1 Bd7 26. Nc4 Rb8 27. Ne3 Bc6 28.
R1a3 Kf8 29. Nc2 Rb6 30. b4 cxb4+ 31. Nxb4 Bb5 32. Ra1 Ke8 33. Kb3 Bd7 34. Ka3 Be6 35. Rc1 Kd7 36. h4 Ra8 37. g3 Rab8 38. Ra4 Ke8 39.
Rc3 Bd7 40. a7 Ra8 0-1

[Event "Late-Titled-Tuesday-Blitz-June-25-2024"]
[Site "Chess.com"]
[Date "2024.06.25"]
[Round "8"]
[White "Bob_2004"]
[Black "Heliosis11"]
[Result "1-0"]
[WhiteElo "2712"]
[BlackElo "2423"]
[TimeControl "180+1"]
[EndTime "15:26:41 PDT"]
[Termination "Bob_2004 won on time"]

1. e4 c5 2. Nf3 e6 3. d4 cxd4 4.
Nxd4 Nc6 5. Nc3 Qc7 6. Qd3 Nf6 7.
Nxc6 bxc6 8. Qg3 Qxg3 9. hxg3 d5 10. Bd2 Rb8 11. O-O-O Be7 12. Bf4 Rb4 13. a3 Rb7 14. Ba6 O-O 15. Bxb7 Bxb7 16. f3 Nd7 17. Rhe1 g5 18. Be3 Bf6 19. Na4 Ne5 20. b3 Be7 21. Bc5 Ng6 22. Bxe7 Nxe7 23. Nc5 Ba8 24. b4 Ng6 25. c4 h5 26. Nd7 Rd8 27. Nf6+ Kh8 28. c5 h4 29. Rh1 Kg7 30. Nh5+ Kh6 31. g4 d4 32. Kb2 e5 33. g3 Bb7 34. gxh4 Nxh4 35. Ng3 Kg6 36. Nf5 Nxf5 37. gxf5+ Kg7 38. Rh5 f6 39. Rdh1 Bc8 40. Rh7+ Kf8 41. Rh8+ 1-0

[Event "Late-Titled-Tuesday-Blitz-June-25-2024"]
[Site "Chess.com"]
[Date "2024.06.25"]
[Round "8"]
[White "katharinareinecke"]
[Black "RTchess367"]
[Result "0-1"]
[WhiteElo "2041"]
[BlackElo "2239"]
[TimeControl "180+1"]
[EndTime "15:26:42 PDT"]
[Termination "RTchess367 won on time"]

1. d4 Nf6 2. Nf3 g6 3. g3 Bg7 4. Bg2 O-O 5. O-O d5 6. c4 c6 7. Ne5 dxc4 8. Nxc4 Be6 9. b3 Bd5 10. f3 b5 11. Nb2 Na6 12. e4 Be6 13. Be3 Nd7 14. Nc3 Qa5 15. Ne2 Rfd8 16. a3 c5 17. b4 cxb4 18. axb4 Qb6 19. Qd2 Nc7 20. d5 Qb7 21.
dxe6 Ne5 22. exf7+ Nxf7 23. Qc2 Rac8 24. Rxa7 Qb8 25.
Qb3 Bxb2 26. Qxb2 Rd3 27. Bf2 Ng5 28. f4 Nf3+ 29. Bxf3 Rxf3 30. Qa2+ Kf8 31. Kg2 Rd3 32. Rc1 Ne8 33. Rxc8 Qxc8 34. Ra8 Qc6 35. Qa6 Qxe4+ 36.
Kh3 Qxe2 37. Rxe8+ Kxe8 38. Qc8+ Kf7 0-1

[Event "Late-Titled-Tuesday-Blitz-June-25-2024"]
[Site "Chess.com"]
[Date "2024.06.25"]
[Round "8"]
[White "DmitriiZakurdaev"]
[Black "Leebit02"]
[Result "0-1"]
[WhiteElo "2419"]
[BlackElo "2593"]
[TimeControl "180+1"]
[EndTime "15:26:44 PDT"]
[Termination "Leebit02 won on time"]

1. d4 d5 2. c4 dxc4 3. Nf3 Nf6 4. e3 e6 5. Bxc4 a6 6. O-O c5 7. b3 Nbd7 8. Bb2 b5 9. Be2 Bb7 10. a4 b4 11. Nbd2 Be7 12. Nc4 O-O 13. Nfe5 cxd4 14. Qxd4 Nc5 15. Qxd8 Rfxd8 16. Na5 Bd5 17. Nec6 Rd7 18. Nxb4 Bxb3 19. Nac6 Bf8 20. a5 Rd2 21. Bxf6 gxf6 22. Bf3 Rc8 23. Nd4 e5 24.
Nxb3 Nxb3 25. Rab1 Nxa5 26. Nd5 Kg7 27. Rb6 Rc6 28. Rb8 Rd6 29. Nc7 Rd8 30. Rb6 Nc4 31. Rxa6 f5 32. g3 e4 33. Bh5 Bc5 34. Nb5 Ne5 35.
Ra5 Nd3 36. Nc7 Bb6 0-1

[Event "Late-Titled-Tuesday-Blitz-June-25-2024"]
[Site "Chess.com"]
[Date "2024.06.25"]
[Round "8"]
[White "Fandorine"]
[Black "Grischuk"]
[Result "1-0"]
[WhiteElo "2935"]
[BlackElo "3104"]
[TimeControl "180+1"]
[EndTime "15:26:45 PDT"]
[Termination "Fandorine won by resignation"]

1. d4 e6 2. e4 d5 3. Nc3 Nf6 4.
e5 Nfd7 5. f4 c5 6. Nf3 Nc6 7.
Be3 cxd4 8. Nxd4 Qb6 9. Qd2 Qxb2 10. Rb1 Qa3 11. Ncb5 Qxa2 12. Rd1 Rb8 13. Nc7+ Kd8 14. Ncb5 a6 15. Nd6 Bxd6 16. exd6 Qa3 17. Bd3 Qxd6 18. O-O Nc5 19. Nxc6+ Qxc6 20. Qc3 b6 21. Qxg7 Qe8 22. Bd4 Rg8 23. Qf6+ Kd7 24. Bxh7 Bb7 25. Bxg8 Qxg8 26. f5 Ne4 27. fxe6+ fxe6 28. Qe5 Rc8 29. c3 Qg6 30. Rf3 Rg8 31. g3 Ng5 32. Rf6 Qc2 33. Rdf1 Kc8 34. Rf8+ 1-0

[Event "Late-Titled-Tuesday-Blitz-June-25-2024"]
[Site "Chess.com"]
[Date "2024.06.25"]
[Round "8"]
[White "Sasha_Solovev_777"]
[Black "ATM622"]
[Result "0-1"]
[WhiteElo "2258"]
[BlackElo "2526"]
[TimeControl "180+1"]
[EndTime "15:26:45 PDT"]
[Termination "ATM622 won by checkmate"]

1. e4 c6 2. d4 d5 3. Nc3 dxe4 4. Nxe4 Bf5 5. Ng3 Bg6 6. Nf3 Nd7 7. h4 h6 8. h5 Bh7 9. Bd3 Bxd3 10. Qxd3 Ngf6 11.
Bd2 e6 12. O-O-O Be7 13. Qe2 b5 14. Ne5 Qb6 15. Be3 Nd5 16. Nxd7 Kxd7 17. Ne4 Qa5 18. Kb1 Rab8 19. Nc5+ Kc8 20. Bd2 b4 21. Nb3 Qb5 22. Qg4 Bf6 23. Rhe1 Re8 24. f4 a5 25. f5 e5 26. dxe5 Rxe5 27. Rxe5 Bxe5 28. f6+ Kc7 29. fxg7 Rg8 30. Bxh6 a4 31. Nd4 Bxd4 32. Qxd4 Nc3+ 33. Kc1 Ne2+ 34. Kb1 Nxd4 35. Bf4+ Kb7 36. h6 Qc4 37. Rc1 b3 38. h7 bxc2+ 39. Ka1 Nb3+ 40. axb3 axb3 41.
Rxc2 bxc2 42. hxg8=Q Qa4# 0-1

[Event "Late-Titled-Tuesday-Blitz-June-25-2024"]
[Site "Chess.com"]
[Date "2024.06.25"]
[Round "8"]
[White "Boudicca64"]
[Black "carloseduar100"]
[Result "1-0"]
[WhiteElo "1955"]
[BlackElo "2269"]
[TimeControl "180+1"]
[EndTime "15:26:47 PDT"]
[Termination "Boudicca64 won by checkmate"]

1. e4 e6 2. d4 d5 3. exd5 exd5 4. Nf3 Bd6 5. c4 c6 6. Nc3 Ne7 7. Be2 dxc4 8. Bxc4 O-O 9. O-O Bg4 10. h3 Bh5 11. g4 Bg6 12. Ne5 Nd7 13. f4 Nb6 14. Bb3 Qc7 15. f5 Bxe5 16. dxe5 Qxe5 17. fxg6 Qg3+ 18.
Kh1 Qxh3+ 19. Kg1 Nxg6 20. Qf3 Qh4 21. Be3 Ne5 22. Qg2 Nxg4 23. Bf2 Nxf2 24. Rxf2 Rad8 25.
Raf1 Rd7 26. Ne4 Rd4 27. Rxf7 Rxf7 28. Rxf7 Rd1+ 29. Bxd1 Kxf7 30. Ng5+ Ke7 31. Qe2+ Kd6 32. Qe6+ Kc7 33. Qe7+ Nd7 34. Ne6+ Kb6 35. Qxd7 Qe1+ 36.
Kg2 Qe4+ 37. Bf3 Qc2+ 38. Kg3 Qg6+ 39. Kf2 Qc2+ 40. Be2 Qf5+ 41. Ke1 Qa5+ 42. Qd2 Qxa2 43. Qb4# 1-0

[Event "Late-Titled-Tuesday-Blitz-June-25-2024"]
[Site "Chess.com"]
[Date "2024.06.25"]
[Round "8"]
[White "Cosi43"]
[Black "RaugintaBulba"]
[Result "1-0"]
[WhiteElo "2705"]
[BlackElo "2475"]
[TimeControl "180+1"]
[EndTime "15:26:48 PDT"]
[Termination "Cosi43 won by resignation"]

1. e4 e6 2. d4 d5 3. Nd2 c5 4. exd5 Qxd5 5. dxc5 Bxc5 6. Ngf3 Nf6 7. Bd3 Nc6 8. O-O O-O 9. Qe2 e5 10. Ne4 Nxe4 11.
Bxe4 Nd4 12. Qd3 Nxf3+ 13. Qxf3 Qe6 14. Bxb7 Bxb7 15. Qxb7 Rab8 16. Qf3 e4 17. Qe2 f5 18. Re1 Rfe8 19. c3 Bd6 20. g3 f4 21. Bxf4 Bxf4 22. gxf4 Qf5 23. Rad1 Qxf4 24. Rd4 Qg5+ 25. Kh1 h6 26. b3 Rb6 27. Rxe4 Rxe4 28. Qxe4 Rf6 29. Qg2 Qf4 30. Re7 Qc1+ 31. Qg1 Qxg1+ 32. Kxg1 Rf3 33. c4 Rc3 34. Rxa7 1-0

[Event "Late-Titled-Tuesday-Blitz-June-25-2024"]
[Site "Chess.com"]
[Date "2024.06.25"]
[Round "8"]
[White "MathiasWomacka"]
[Black "KorolDimitriy75"]
[Result "0-1"]
[WhiteElo "2513"]
[BlackElo "2418"]
[TimeControl "180+1"]
[EndTime "15:26:48 PDT"]
[Termination "KorolDimitriy75 won by resignation"]

1. e4 c5 2. Nf3 d6 3. d4 cxd4 4. Nxd4 Nf6 5. Nc3 g6 6. Be3 Bg7 7. f3 O-O 8. Qd2 Nc6 9. O-O-O d5 10. exd5 Nxd5 11. Nxc6 bxc6 12. Bd4 e5 13. Bc5 Be6 14. Ne4 Rb8 15. h4 f5 16. Ng5 e4 17. Ba3 e3 18.
Qe1 Bxb2+ 19. Bxb2 Qb6 20. Rxd5 Qxb2+ 21. Kd1 Qb1+ 22.
Ke2 Qxe1+ 23. Kxe1 Bxd5 24. Ke2 f4 25. Kd3 Rb1 26. Nh3 Rd1+ 27. Kc3 e2 28. Bxe2 Rxh1 29. Kd4 Rc1 30. c4 Be6 31. Ng5 Bf5 32. c5 Rd8+ 33. Ke5 Re8+ 34. Kd6 Rxe2 35. Kxc6 Rec2 36. Kd6 Rxc5 37. h5 Rc6+ 38. Kd5 R1c5+ 39. Kd4 Rc4+ 40.
Kd5 R6c5+ 41. Kd6 gxh5 42. Nh3 Bxh3 43. gxh3 a5 44. Ke6 Rg5 45. Kd6 Rg3 46. Ke6 Rxf3 47. Ke5 Rxh3 48. Kf5 Ra3 0-1

[Event "Late-Titled-Tuesday-Blitz-June-25-2024"]
[Site "Chess.com"]
[Date "2024.06.25"]
[Round "8"]
[White "shirovin"]
[Black "boguszp"]
[Result "1-0"]
[WhiteElo "2089"]
[BlackElo "1969"]
[TimeControl "180+1"]
[EndTime "15:26:48 PDT"]
[Termination "shirovin won on time"]

1. e4 c6 2. d4 d5 3. exd5 cxd5 4.
Bd3 Nc6 5. c3 Nf6 6. Bf4 Bg4 7.
Qb3 Qd7 8. Nd2 e6 9. Ngf3 Bxf3 10. Nxf3 Be7 11. O-O O-O 12. h3 a6 13. Rfe1 Rac8 14.
Qd1 Bd6 15. Ne5 Qc7 16. Qf3 Nd7 17. Nxd7 Qxd7 18. Bg5 Be7 19. Bd2 Rfe8 20. Qh5 g6 21. Qf3 Bf8 22. h4 Bg7 23. h5 Na5 24. h6 Bh8 25. b3 b5 26. Rac1 Nb7 27. Bf4 Nd6 28.
Be5 Nf5 29. Bxh8 Kxh8 30. g4 Nxh6 31. Kg2 Ng8 32. Rh1 Kg7 33. Qh3 h6 34. Be2 1-0

[Event "Late-Titled-Tuesday-Blitz-June-25-2024"]
[Site "Chess.com"]
[Date "2024.06.25"]
[Round "8"]
[White "CM_rui"]
[Black "jcibarra"]
[Result "1-0"]
[WhiteElo "2580"]
[BlackElo "2894"]
[TimeControl "180+1"]
[EndTime "15:26:50 PDT"]
[Termination "CM_rui won by resignation"]

1. e4 Nc6 2. d4 d5 3. exd5 Qxd5 4. Nf3 Bg4 5. Be2 O-O-O 6. Nc3 Qh5 7. Be3 e5 8. d5 Nf6 9. O-O e4 10. Ng5 h6 11.
Nxf7 Bd6 12. h3 Ne5 13. Nxd6+ Rxd6 14. hxg4 Nfxg4 15. Bf4 Qf5 16. Bxg4 Nxg4 17. Bxd6 cxd6 18. f3 Ne3 19. Qe2 Nxf1 20. Rxf1 exf3 21. Rxf3 Qg5 22. Ne4 Qxd5 23. Rd3 Qxa2 24. Nxd6+ Kb8 25. Qe7 Qxb2 26. Rb3 Qc1+ 27. Kh2 Qf4+ 28. Kh3 Qe3+ 29. Rxe3 1-0

[Event "Late-Titled-Tuesday-Blitz-June-25-2024"]
[Site "Chess.com"]
[Date "2024.06.25"]
[Round "8"]
[White "IMRosen"]
[Black "KoshkaMatrioshka"]
[Result "0-1"]
[WhiteElo "2699"]
[BlackElo "2563"]
[TimeControl "180+1"]
[EndTime "15:26:51 PDT"]
[Termination "KoshkaMatrioshka won on time"]

1. e4 e6 2. d4 d5 3. Nc3 Bb4 4. exd5 exd5 5. Bd3 Nf6 6. a3 Be7 7. Qf3 Bg4 8. Qg3 h5 9. Bf4 h4 10. Qe3 O-O 11. h3 Bh5 12. Nf3 Re8 13. Ne5 c5 14. Bb5 cxd4 15. Qxd4 Nc6 16. Bxc6 bxc6 17. O-O c5 18.
Qa4 Bd6 19. Rfe1 a6 20. Nd3 Bg6 21. Bxd6 Qxd6 22. Qxh4 d4 23. Ne2 c4 24. Nb4 d3 25. cxd3 cxd3 26. Nc3 a5 27. Nba2 Qb6 28. Reb1 d2 29. Rd1 Qxb2 30. Qf4 Rad8 31. f3 Qxa1 32. Rxa1 Re1+ 0-1

[Event "Late-Titled-Tuesday-Blitz-June-25-2024"]
[Site "Chess.com"]
[Date "2024.06.25"]
[Round "8"]
[White "GothamChess"]
[Black "Slovineanu"]
[Result "1-0"]
[WhiteElo "2762"]
[BlackElo "2559"]
[TimeControl "180+1"]
[EndTime "15:26:52 PDT"]
[Termination "GothamChess won by resignation"]

1. e4 c6 2. Nf3 d5 3. Nc3 dxe4 4. Nxe4 Nf6 5. Qe2 Nxe4 6. Qxe4 Qd5 7. Qh4 Qe6+ 8. Be2 Qg4 9. Qg3 Qxg3 10. hxg3 Bf5 11.
c3 h6 12. d4 Nd7 13. Bf4 e6 14. O-O-O Be7 15. Rhe1 O-O-O 16. Nd2 g5 17. Be3 h5 18. Rh1 h4 19. g4 Bg6 20. Nf3 f6 21. Bc4 Bf7 22.
Rde1 Rde8 23. Bb3 Bd6 24. Kd1 b5 25. a4 a6 26. axb5 axb5 27. Nd2 Bg6 28. Bc2 Bxc2+ 29. Kxc2 Nb6 30. Ne4 Be7 31. f3 Nd5 32. Bd2 Kd7 33.
Ra1 Ra8 34. Nf2 f5 35. Nh3 fxg4 36. fxg4 Nf6 37. Nxg5 Nxg4 38. Rxa8 Rxa8 39. Rxh4 Nf6 40. Nf7 Rg8 41. Ne5+ Kd6 42. g4 Nd7 43. Rh7 Bg5 44.
Nf7+ 1-0

[Event "Late-Titled-Tuesday-Blitz-June-25-2024"]
[Site "Chess.com"]
[Date "2024.06.25"]
[Round "8"]
[White "Hikaru"]
[Black "Dedic8"]
[Result "0-1"]
[WhiteElo "3205"]
[BlackElo "2957"]
[TimeControl "180+1"]
[EndTime "15:26:53 PDT"]
[Termination "Dedic8 won by resignation"]

1. d4 Nf6 2. Bg5 Ne4 3. Bf4 d5 4. e3 c5 5. Bd3 Nc6 6. Bxe4 dxe4 7. d5 g5 8. Bg3 Bg7 9. Nc3 Bxc3+ 10. bxc3 Na5 11. h4 g4 12. h5 Nc4 13. Ne2 b6 14. h6 Rg8 15. Rh5 Ba6 16. Kf1 Qd7 17. Kg1 O-O-O 18.
Bh4 f6 19. Ng3 Qe8 20. a4 Nd6 21. a5 b5 22. Qc1 Kb7 23. Qa3 Rc8 24. Rb1 Ka8 25.
Rd1 Qf7 26. Qc1 Qg6 27. Qd2 Qf7 28. Qe2 Qg6 29. Qd2 Qf7 30. Kh2 Qg6 31. Rh1 Qf7 32. Qe2 Qg6 33. Kg1 Kb7 34. Qd1 Ka8 35.
Kh2 Kb7 36. Re1 Ka8 37. Rg1 Kb7 38. Qe2 Ka8 39. Rc1 Kb7 40. f4 gxf3 41. gxf3 b4 42. Qf2 exf3 43. Qxf3 bxc3 44. e4 Ka8 45. Re1 Rb8 46. Qxc3 Qg4 47. e5 fxe5 48. Qxe5 Rbf8 49. Rg1 Rf2+ 50. Rg2 Qf3 51. Rxf2 Qxf2+ 52. Kh1 Bf1 0-1

[Event "Late-Titled-Tuesday-Blitz-June-25-2024"]
[Site "Chess.com"]
[Date "2024.06.25"]
[Round "8"]
[White "grzechu96"]
[Black "Gangster-accountant01"]
[Result "0-1"]
[WhiteElo "2767"]
[BlackElo "2603"]
[TimeControl "180+1"]
[EndTime "15:26:54 PDT"]
[Termination "Gangster-accountant01 won on time"]

1. e4 e5 2. Nf3 Nf6 3. Nxe5 d6 4.
Nf3 Nxe4 5. Bd3 Nf6 6. O-O Be7 7. c3 O-O 8. Bc2 d5 9. d4 Bg4 10. Re1 c5 11. dxc5 Bxc5 12. Be3 Bxe3 13. Rxe3 Nc6 14. h3 Bh5 15. Nbd2 Qb6 16. Nb3 Rfe8 17.
Rxe8+ Rxe8 18. Qd3 Ne4 19. Rf1 Ne5 20. Nxe5 Rxe5 21. Qd4 Qf6 22. f4 Re8 23. Qxf6 Nxf6 24.
g4 Re2 25. Rf2 Re1+ 26. Kg2 Bxg4 27. hxg4 Nxg4 28. Rd2 h5 29. Nd4 g6 30. Bb3 Re4 31.
Bxd5 Rxf4 32. Bxb7 h4 33. c4 Ne3+ 34. Kh3 Nxc4 35.
Ne2 Rf2 36. Rc2 Ne3 37. Rc8+ Kg7 38. Ba6 g5 39. b4 f5 40. Re8 Nf1 0-1

[Event "Late-Titled-Tuesday-Blitz-June-25-2024"]
[Site "Chess.com"]
[Date "2024.06.25"]
[Round "8"]
[White "ChadBiryani"]
[Black "merinasian"]
[Result "0-1"]
[WhiteElo "2503"]
[BlackElo "2411"]
[TimeControl "180+1"]
[EndTime "15:26:56 PDT"]
[Termination "merinasian won by checkmate"]

1. d4 d6 2. Bg5 Nd7 3. Nd2 g6 4. h4 h6 5. Bf4 Bg7 6. e3 c5 7.
c3 Ngf6 8. Ngf3 O-O 9. Be2 b6 10.
a4 Bb7 11. a5 bxa5 12. Qa4 Nd5 13. Bg3 cxd4 14. exd4 e5 15. O-O e4 16. Nxe4 N5b6 17. Qxa5 Bxe4 18. Bxd6 Re8 19. Rfe1 Nf6 20. Be5 Ng4 21.
Bxg7 Kxg7 22. Bb5 Bxf3 23. gxf3 Qxh4 24. fxg4 Qxg4+ 25. Kf1 Qh3+ 26. Kg1 Qg4+ 27. Kh1 Qh5+ 28. Kg1 Nc4 29. Bxc4 Rxe1+ 30. Bf1 Qg4+ 31. Kh2 Qh4+ 32. Kg2 Qg4+ 33. Kh2 Rae8 34. Qxa7 Qf4+ 35. Kg2 Qe4+ 36. Kh2 Qf3 37. Kg1 R1e4 38. Kh2 Rh4+ 39. Kg1 Rh1# 0-1

[Event "Late-Titled-Tuesday-Blitz-June-25-2024"]
[Site "Chess.com"]
[Date "2024.06.25"]
[Round "8"]
[White "Azeryahu"]
[Black "rhungaski"]
[Result "1-0"]
[WhiteElo "2866"]
[BlackElo "2644"]
[TimeControl "180+1"]
[EndTime "15:26:57 PDT"]
[Termination "Azeryahu won by resignation"]

1. e4 e6 2. d4 d5 3. exd5 exd5 4. Nf3 c5 5. Bb5+ Bd7 6. Qe2+ Be7 7. dxc5 Nf6 8. O-O O-O 9. Be3 Re8 10. Bxd7 Nbxd7 11. Qb5 Qc7 12. Nc3 Nxc5 13. Rad1 a6 14. Qe2 Rad8 15.
Nd4 Bf8 16. Qf3 Nce4 17. Nxe4 Nxe4 18. c3 g6 19. Nb3 a5 20. Nc1 a4 21. a3 Qc6 22.
Nd3 Qb5 23. Bd4 Re6 24. h4 Bd6 25. g3 h5 26. Kg2 Rde8 27. Nf4 Bxf4 28. Qxf4 g5 29.
hxg5 Rg6 30. Rfe1 Ree6 31. c4 Qe8 32. cxd5 Re7 33. d6 Nxd6 34. Rxe7 Qxe7 35. Bf6 Rxf6 36. gxf6 Qe4+ 37. Qxe4 Nxe4 38. Rd7 1-0

[Event "Late-Titled-Tuesday-Blitz-June-25-2024"]
[Site "Chess.com"]
[Date "2024.06.25"]
[Round "8"]
[White "KNVB"]
[Black "Winner_7777"]
[Result "0-1"]
[WhiteElo "2666"]
[BlackElo "2530"]
[TimeControl "180+1"]
[EndTime "15:26:59 PDT"]
[Termination "Winner_7777 won by checkmate"]

1. d4 d5 2. Bf4 Nf6 3. e3 e6 4.
Nf3 Bd6 5. Nbd2 O-O 6. Bd3 c5 7. c3 Nc6 8. Bg3 b6 9. e4 Be7 10. e5 Nh5 11. Ng5 Bxg5 12. Qxh5 g6 13. Qe2 cxd4 14. h4 Bxd2+ 15. Qxd2 dxc3 16. bxc3 Bb7 17. h5 Qe7 18. Bh4 Qc7 19. Bf6 Nxe5 20. Qh6 Qxc3+ 21. Kf1 Qxa1+ 22. Ke2 Qb2+ 23. Kf1 Qxf2+ 24. Kxf2 Ng4+ 25. Kg3 Nxh6 26. hxg6 fxg6 27. Be7 Nf5+ 28. Bxf5 Rxf5 29.
Rc1 Rc8 30. Re1 Kf7 31. Ba3 Rc4 32. Kh2 Rc2 33. Rd1 Rff2 34. Kg3 Rxg2+ 35. Kf4 Rxa2 36.
Bb4 Ra4 37. Ke5 Rxb4 38. Kd6 a5 39. Rf1+ Ke8 40. Rc1 Rc4 41. Re1 Rc6+ 42. Ke5 Ke7 43. Rh1 h5 44. Rh4 Rg4 45. Rh3 Re4# 0-1

[Event "Late-Titled-Tuesday-Blitz-June-25-2024"]
[Site "Chess.com"]
[Date "2024.06.25"]
[Round "8"]
[White "ValeriyGrinev"]
[Black "RandomNoob04"]
[Result "1-0"]
[WhiteElo "2613"]
[BlackElo "2785"]
[TimeControl "180+1"]
[EndTime "15:27:00 PDT"]
[Termination "ValeriyGrinev won by resignation"]

1. d4 Nf6 2. c4 c5 3. Nf3 cxd4 4. Nxd4 b6 5. f3 e6 6. e4 Bb4+ 7. Bd2 Bc5 8. Be3 O-O 9. Nc3 d5 10. cxd5 exd5 11. e5 Re8 12. f4 Ng4 13. Bg1 f6 14.
Qd2 fxe5 15. fxe5 Rxe5+ 16. Be2 Be7 17. Nf3 Rh5 18. O-O-O Bb7 19. Kb1 Nd7 20. h3 Ngf6 21. Bd4 Ne4 22. Qe3 Nxc3+ 23. Bxc3 Rh6 24. Nd4 Nc5 25. Bg4 Ne4 26. Ne6 Rxe6 27. Bxe6+ Kh8 28.
Bd4 Qd6 29. Bg4 Bg5 30. Qd3 a5 31. Rhe1 Ba6 32. Qxe4 dxe4 33. Bxg7+ Kxg7 34. Rxd6 Bd3+ 35. Ka1 b5 36. Rd7+ Kg6 37. Rd6+ Kg7 38. Bf5 Re8 39.
Rxd3 exd3 40. Rxe8 d2 41. Bg4 a4 42. Re6 Bf6 43.
Kb1 b4 44. Rxf6 Kxf6 45. Kc2 a3 46. bxa3 b3+ 47. axb3 1-0

[Event "Late-Titled-Tuesday-Blitz-June-25-2024"]
[Site "Chess.com"]
[Date "2024.06.25"]
[Round "8"]
[White "ACollins05"]
[Black "HalfIsCrayfish"]
[Result "0-1"]
[WhiteElo "2417"]
[BlackElo "2573"]
[TimeControl "180+1"]
[EndTime "15:27:00 PDT"]
[Termination "HalfIsCrayfish won by resignation"]

1. d4 Nf6 2. c4 e6 3. Nf3 b6 4. g3 Ba6 5. b3 d5 6. cxd5 exd5 7.
Bg2 Bb4+ 8. Bd2 Be7 9. Nc3 O-O 10. O-O Nbd7 11. Re1 c5 12. Rc1 Rc8 13. Bf4 c4 14. Ne5 Ba3 15. Rb1 Bb4 16. Rc1 Qe7 17. bxc4 Bxc4 18.
Nxc4 dxc4 19. Bd2 Bxc3 20. Bxc3 Ne4 21. Qa4 Nxc3 22. Rxc3 Nf6 23. Rxc4 Rxc4 24. Qxc4 Ne4 25. e3 Re8 26. Qc2 f5 27. Rc1 h5 28. Qc7 Qg5 29. Qc6 Re7 30. Qd5+ Kh7 31. Rc8 Nf6 32. Qd8 Rd7 33. Qh8+ Kg6 34. h4 Qg4 35. Rc1 f4 36. exf4 Rxd4 37. Qc8 Rd1+ 38. Kh2 Qxc8 39. Rc7 Ng4+ 40.
Kh3 Nxf2+ 41. Kh2 Ng4+ 42. Kh3 Qxc7 43. Be4+ Kf6 44. f5 0-1

[Event "Late-Titled-Tuesday-Blitz-June-25-2024"]
[Site "Chess.com"]
[Date "2024.06.25"]
[Round "8"]
[White "campochess"]
[Black "Bkmzzzzz"]
[Result "1/2-1/2"]
[WhiteElo "2232"]
[BlackElo "2389"]
[TimeControl "180+1"]
[EndTime "15:27:00 PDT"]
[Termination "Game drawn by repetition"]

1. d4 d5 2. Bg5 f6 3. Bd2 e5 4. e3 e4 5. c4 c6 6. cxd5 cxd5 7.
Nc3 Nc6 8. Qh5+ g6 9. Qxd5 f5 10. Bc4 Qxd5 11. Nxd5 Bd6 12. Ne2 Bd7 13. Rc1 O-O-O 14.
O-O Kb8 15. a3 Be6 16. Nb4 Bd7 17. Nxc6+ Bxc6 18. Rc3 Nf6 19. Rfc1 Rhf8 20. g3 Nd5 21. Bxd5 Bxd5 22. Nf4 Bf7 23. h4 Rd7 24. Nh3 Bd5 25.
Nf4 Bf7 26. Re1 Rfd8 27. Rcc1 Re8 28. Bc3 Bxf4 29. gxf4 Bd5 30. Kh2 b6 31. Rg1 Kb7 32.
h5 Bf7 33. Rg5 Rd5 34. hxg6 Bxg6 35. Rh1 Re7 36. Rgg1 Rc7 37. Kg3 a5 38. Rc1 Ka6 39. Bd2 Rxc1 40. Rxc1 Kb5 41. Rc7 Ka4 42. Bc3 Kb3 43.
Rc6 b5 44. Rc5 Rxc5 45. dxc5 Be8 46. Bxa5 Kxb2 47. Bb4 Kb3 48. f3 exf3 49. Kxf3 Bc6+ 50. Kg3 Kc4 51. Kh4 Kd3 52. Kg5 Kxe3 53. Kxf5 h5 54. Kg5 h4 55. Kxh4 Kxf4 56. Kh5 Ke4 57. Kg5 Kd5 58.
Kf6 Bd7 59. Ke7 Kc6 60. Kf6 Bg4 61. Ke5 Be2 62. Kd4 Bf1 63. Ke5 Be2 64. Kd4 Bf1 65.
Ke5 Be2 1/2-1/2

[Event "Late-Titled-Tuesday-Blitz-June-25-2024"]
[Site "Chess.com"]
[Date "2024.06.25"]
[Round "8"]
[White "Kielinkei"]
[Black "PawnEatingZombie"]
[Result "1-0"]
[WhiteElo "2498"]
[BlackElo "2300"]
[TimeControl "180+1"]
[EndTime "15:27:01 PDT"]
[Termination "Kielinkei won on time"]

1. e4 c5 2. Nc3 g6 3. b3 Bg7 4. Bb2 e5 5. Nf3 Ne7 6. Bc4 O-O 7. O-O Nbc6 8. Nd5 d6 9. Nxe7+ Qxe7 10. a4 Bg4 11. h3 Bxf3 12. Qxf3 Nd4 13. Qd1 a6 14.
Bxd4 cxd4 15. a5 Rac8 16. c3 Kh8 17. cxd4 exd4 18. d3 f5 19. Re1 fxe4 20. Rxe4 Qg5 21. Rg4 Qc5 22. Qd2 d5 23. b4 Qc6 24. Ba2 Qc3 25. Rd1 Rf5 26. g3 Rc6 27. Kg2 h5 28. Rf4 Rxf4 29. Qxf4 Qxb4 30. Bxd5 Rc8 31. Qf7 Kh7 32.
Be4 Qd6 33. Qxb7 Rc3 34. Qb6 Qxb6 35. axb6 Rb3 36. b7 a5 37. Ra1 Be5 38. Rxa5 Bc7 39.
Rc5 1-0

[Event "Late-Titled-Tuesday-Blitz-June-25-2024"]
[Site "Chess.com"]
[Date "2024.06.25"]
[Round "8"]
[White "mostafa_sakha"]
[Black "LUISMIGUELOV"]
[Result "1-0"]
[WhiteElo "2422"]
[BlackElo "2235"]
[TimeControl "180+1"]
[EndTime "15:27:01 PDT"]
[Termination "mostafa_sakha won by resignation"]

1. d4 d5 2. c4 c6 3. Nf3 Nf6 4. Nc3 dxc4 5. e4 b5 6. Be2 e6 7. O-O Be7 8. a4 b4 9. e5 bxc3 10. exf6 cxb2 11. fxg7 Rg8 12. Bxb2 Rxg7 13. Qc2 Ba6 14. d5 Rg6 15. Ne5 cxd5 16. Nxg6 hxg6 17. Qc3 Nd7 18. Qh8+ Nf8 19. Bg7 Rb8 20. Rae1 Kd7 21. Bd4 Qc7 22. Qg7 Ke8 23. f4 Bc5 24. f5 gxf5 25. Bh5 Bxd4+ 26. Qxd4 Qb6 27. Qxb6 Rxb6 28. Rxf5 c3 29. Rxf7 c2 30. Rc7+ Kd8 31. Rxc2 Nd7 32.
Bg4 Nf8 33. a5 Rb5 34. Bxe6 Nxe6 35. Rxe6 Rxa5 36. h4 Bc4 37. h5 Ra1+ 38. Kh2 Rf1 39. h6 Rf7 40. g4 Kd7 41. Re1 Bd3 42. Rd2 Bg6 43. Rxd5+ Kc6 44. Ra5 Rf2+ 45. Kg3 Rb2 46. Re6+ Kb7 47. Rxg6 Rb3+ 48. Kh4 Rb1 49. Rf5 Rh1+ 50.
Kg5 a5 51. Rf7+ 1-0